Map: Ruins of Seras

Players

Bagain - Winner!

  • Race: Protoss Protoss
  • League: Gold

A.I. 1 (Hard)

  • Race: Protoss Protoss

VOD

Have the link to the VOD?

Description

Time

  • Played on: March 7, 2016, 11:21 a.m.
  • Length: 9:22
Show
View Real Time Build Order
Export as new Build Order

Bagain Protoss - Winner!

Build Orders:  

Get SALT Encoding   

  12  0:01  Probe (Chrono Boost)  
  13  0:12  Probe (Chrono Boost)  
  14  0:22  Pylon  
  14  0:25  Probe (Chrono Boost)  
  15  0:40  Probe (Chrono Boost)  
  15  0:42  Gateway  
  16  0:47  Assimilator  
  16  0:51  Probe (Chrono Boost)  
  17  1:01  Probe (Chrono Boost)  
  18  1:12  Probe (Chrono Boost)  
  19  1:19  Assimilator  
  19  1:23  Probe (Chrono Boost)  
  20  1:30  Cybernetics Core  
  20  1:33  Probe (Chrono Boost)  
  22  1:47  Probe (Chrono Boost)  
  22  1:52  Nexus  
  22  1:59  Pylon  
  22  2:10  Warp Gate, Assimilator  
  22  2:17  Adept  
  22  2:19  Probe (Chrono Boost)  
  25  2:30  Gateway  
  25  2:35  Mothership Core (Chrono Boost)  
  27  2:54  Pylon  
  27  3:01  Adept  
  27  3:02  Twilight Council  
  27  3:04  Probe x2 (Chrono Boost)  
  31  3:19  Stalker  
  33  3:22  Probe x2 (Chrono Boost)  
  33  3:25  Pylon  
  35  3:32  Probe (Chrono Boost)  
  35  3:33  Probe (Chrono Boost)  
  37  3:41  Robotics Facility  
  37  3:44  Probe (Chrono Boost)  
  38  3:50  Probe (Chrono Boost)  
  38  3:55  Sentry, Probe (Chrono Boost)  
  42  4:01  Sentry, Probe (Chrono Boost)  
  45  4:12  Probe x2 (Chrono Boost)  
  45  4:16  Assimilator  
  47  4:20  Assimilator  
  47  4:22  Pylon  
  47  4:26  Gateway  
  47  4:31  Observer  
  47  4:33  Probe (Chrono Boost)  
  47  4:34  Probe (Chrono Boost)  
  47  4:38  Stalker x2  
  54  4:44  Probe x2 (Chrono Boost)  
  56  4:54  Gateway, Blink (Chrono Boost), Probe (Chrono Boost)  
  56  4:55  Probe (Chrono Boost)  
  56  4:56  Gateway  
  58  5:03  Probe (Chrono Boost)  
  58  5:05  Probe  
  60  5:10  Stalker  
  62  5:15  Probe  
  62  5:17  Probe  
  64  5:22  Immortal (Chrono Boost)  
  64  5:27  Stalker  
  70  5:34  Pylon  
  70  5:36  Pylon  
  70  5:43  Pylon  
  70  5:47  Pylon  
  69  6:03  Stalker x4  
  69  6:04  Stalker  
  77  6:26  Nexus  
  77  6:27  Probe (Chrono Boost)  
  77  6:28  Assimilator  
  77  6:30  Sentry x4  
  86  6:33  Assimilator  
  86  6:38  Pylon  
  86  6:42  Pylon  
  76  7:07  Stalker x5  
  86  7:09  Probe (Chrono Boost)  
  86  7:10  Probe (Chrono Boost)  
  86  7:13  Robotics Facility  
  86  7:19  Probe (Chrono Boost)  
  86  7:22  Probe (Chrono Boost)  
  86  7:31  Immortal  
  86  7:32  Stalker  
  86  7:33  Stalker x2  
  86  7:35  Sentry  
  96  8:03  Stalker x2  
  96  8:04  Stalker x3  
  98  8:10  Immortal  
  105  8:20  Probe x2 (Chrono Boost)  
  105  8:21  Probe (Chrono Boost)  
  105  8:30  Probe x2 (Chrono Boost)  
  105  8:33  Probe (Chrono Boost)  
  108  8:35  Stalker x3  
  108  8:36  Stalker  
  108  8:41  Probe x2 (Chrono Boost)  
  118  8:45  Probe (Chrono Boost)  
  119  8:51  Probe (Chrono Boost)  
Show
View Real Time Build Order
Export as new Build Order

A.I. 1 (Hard) Protoss 

Build Orders:  

Get SALT Encoding   

  12  0:01  Probe (Chrono Boost)  
  13  0:11  Probe (Chrono Boost)  
  14  0:21  Pylon  
  14  0:22  Probe (Chrono Boost)  
  15  0:39  Probe (Chrono Boost)  
  16  0:48  Assimilator  
  16  0:50  Probe (Chrono Boost)  
  16  0:51  Gateway  
  17  1:00  Pylon, Probe (Chrono Boost)  
  19  1:11  Probe (Chrono Boost)  
  19  1:23  Probe (Chrono Boost)  
  20  1:37  Zealot  
  20  1:45  Cybernetics Core  
  22  2:00  Gateway  
  22  2:03  Pylon  
  22  2:14  Warp Gate  
  22  2:19  Adept  
  24  2:38  Pylon  
  24  2:44  Zealot  
  24  2:49  Adept  
  28  2:59  Assimilator  
  28  3:01  Probe (Chrono Boost)  
  29  3:09  Pylon  
  29  3:10  Adept  
  32  3:13  Probe (Chrono Boost)  
  32  3:14  Adept  
  34  3:23  Forge  
  34  3:25  Probe (Chrono Boost)  
  35  3:36  Probe (Chrono Boost)  
  35  3:37  Adept  
  38  3:41  Adept  
  38  3:48  Probe (Chrono Boost)  
  41  3:59  Probe (Chrono Boost)  
  42  4:03  Adept  
  42  4:06  Stalker  
  46  4:59  Protoss Ground Weapons Level 1  
  46  5:06  Stalker  
  48  5:07  Gateway  
  48  5:11  Pylon  
  48  5:13  Photon Cannon  
  48  5:14  Nexus  
  48  5:15  Stalker  
  50  5:28  Sentry  
  52  5:37  Pylon  
  52  5:38  Stalker  
  52  5:39  Robotics Facility  
  54  5:50  Stalker  
  54  6:00  Zealot  
  46  6:10  Adept  
  40  6:19  Stalker  
  42  6:27  Observer  
  42  6:29  Adept, Probe (Chrono Boost)  
  47  6:34  Probe (Chrono Boost)  
  47  6:36  Assimilator  
  47  6:38  Stalker  
  50  6:41  Probe (Chrono Boost)  
  50  6:45  Probe (Chrono Boost)  
  49  6:47  Stalker  
  49  6:53  Probe (Chrono Boost)  
  44  6:54  Twilight Council  
  44  6:56  Zealot  
  36  7:06  Stalker  
  37  7:09  Stalker  
  39  7:16  Stalker  
  41  7:28  Zealot  
  42  7:31  Stalker  
  41  7:38  Stalker  
  20  8:12  Probe (Chrono Boost)  
  18  8:18  Pylon  
  18  8:23  Probe (Chrono Boost)  
  17  8:32  Nexus  
  18  8:34  Probe (Chrono Boost)  
  12  8:48  Probe (Chrono Boost)  
  1  8:59  Probe (Chrono Boost)  
Tags
 
League
Gold
Matchup
PvP
Replay Pack
rep
Add a new tag
Caveats
  • Supply blocks, unpowered buildings, or Contaminate may cause inaccurate times.
  • Supply counts are checked every 10 seconds.